Map: Odyssey LE

Players

Yata - Winner!

  • Race: Zerg Zerg
  • League: Gold
  • Spawn Location: 5:00

otaking

  • Race: Terran Terran
  • Spawn Location: 11:00

VOD

Have the link to the VOD?

Description

Time

  • Played on: Sept. 9, 2017, 9:03 p.m.
  • Length: 8:06
Show
View Real Time Build Order
Export as new Build Order

Yata Zerg - Winner!

Build Orders: Hatch First 

Get SALT Encoding   

  12  0:01  Drone  
  13  0:13  Overlord  
  13  0:20  Drone  
  14  0:35  Drone x3  
  17  0:56  Drone  
  18  0:57  Hatchery  
  17  1:05  Drone  
  17  1:10  Extractor  
  17  1:19  Spawning Pool  
  17  1:23  Drone x2  
  18  1:29  Drone  
  19  1:40  Overlord  
  19  1:51  Drone  
  20  2:01  Drone  
  21  2:09  Queen  
  21  2:10  Queen  
  21  2:13  Zergling x2  
  21  2:14  Zergling x2  
  27  2:15  Metabolic Boost  
  27  2:20  Drone  
  28  2:24  Drone  
  29  2:30  Drone  
  29  2:35  Drone  
  31  2:43  Drone  
  32  2:53  Drone x2  
  32  2:57  Drone  
  35  3:03  Drone  
  36  3:09  Drone, Baneling Nest  
  36  3:18  Evolution Chamber  
  36  3:19  Overlord x3  
  35  3:29  Drone  
  36  3:37  Drone  
  36  3:38  Drone x4  
  41  3:41  Queen  
  41  3:44  Pneumatized Carapace  
  43  3:52  Zerg Melee Weapons Level 1  
  43  3:55  Zergling x6  
  46  4:04  Extractor  
  45  4:21  Baneling x2  
  45  4:22  Baneling  
  45  4:34  Zergling x8  
  45  4:35  Zergling x10  
  45  4:36  Zergling x6  
  45  4:38  Hatchery  
  56  4:43  Lair  
  56  5:03  Evolution Chamber  
  55  5:17  Baneling x4  
  54  5:55  Zergling x2  
  54  5:56  Zergling x24  
  66  6:01  Baneling x2  
  66  6:02  Baneling x3  
  66  6:05  Zerg Ground Armor Level 1  
  66  6:10  Extractor  
  65  6:20  Hydralisk Den  
  64  6:27  Drone x2  
  64  6:28  Overlord x5  
  65  6:49  Drone x2  
  65  6:50  Drone x6  
  65  6:51  Drone x2  
  65  6:52  Muscular Augments  
  75  7:06  Drone x4  
  75  7:08  Extractor  
  78  7:09  Drone x2  
  78  7:10  Drone x7  
  78  7:13  Hydralisk x2  
  78  7:14  Hydralisk  
  89  7:31  Zergling x2  
  89  7:32  Zergling x10  
Show
View Real Time Build Order
Export as new Build Order

otaking Terran 

Build Orders:  

Get SALT Encoding   

  12  0:01  SCV  
  13  0:13  SCV  
  14  0:25  Supply Depot  
  14  0:26  SCV  
  15  0:31  Refinery  
  15  0:53  Barracks  
  15  1:06  SCV  
  16  1:18  SCV  
  17  1:30  SCV  
  18  1:41  Supply Depot  
  18  1:42  SCV  
  18  1:43  Barracks Tech Lab  
  19  1:53  Barracks  
  19  1:54  SCV  
  20  2:04  Marine  
  21  2:13  Supply Depot  
  21  2:22  Marine  
  22  2:25  Refinery  
  22  2:26  SCV  
  23  2:34  Stimpack  
  23  2:38  SCV  
  23  2:39  Marine  
  23  2:42  Barracks  
  25  2:48  Barracks Reactor  
  25  2:50  Supply Depot, SCV  
  26  2:57  Marine  
  27  3:02  SCV  
  28  3:15  Marine  
  28  3:16  Supply Depot  
  28  3:19  Orbital Command  
  29  3:35  Barracks Reactor  
  29  3:43  Factory  
  29  3:51  Marine x3  
  32  4:07  Engineering Bay  
  32  4:09  Marine x3  
  35  4:13  Engineering Bay  
  35  4:21  Marine x2  
  37  4:26  Marine  
  37  4:27  Marine x2  
  40  4:39  Marine x2  
  40  4:44  Marine  
  40  4:45  Marine x2  
  45  4:47  Starport  
  45  4:49  Terran Infantry Armor Level 1, Terran Infantry Weapons Level 1  
  45  4:54  Factory Tech Lab  
  45  4:58  Factory Reactor  
  45  5:19  Missile Turret  
  45  5:28  Supply Depot  
  45  5:40  Supply Depot  
  41  6:01  SCV  
  42  6:12  Supply Depot  
  42  6:13  SCV  
  42  6:14  Medivac x2, Command Center  
  47  6:26  SCV  
  47  6:29  Missile Turret  
  48  7:08  Factory Tech Lab  
  48  7:16  Marine  
  48  7:17  Marine x4  
  40  7:33  Missile Turret  
  40  7:34  Marine x3  
  40  7:35  Marine x2  
Tags
 
League
Gold
Matchup
TvZ
Replay Pack
Pack 1
Spawn Locations
Cross Positions
Add a new tag
Caveats
  • Supply blocks, unpowered buildings, or Contaminate may cause inaccurate times.
  • Supply counts are checked every 10 seconds.